 Dungeon Crawl Stone Soup version 0.26-a0-935-g3624241d3c (webtiles) character file.

Game seed: 3107915302949117483

304 mg7810 the Skirmisher (level 6, 0/52 HPs)
             Began as a Draconian Fighter on Nov 26, 2020.
             Was a Priest of Lugonu.
             Slain by an ogre
             ... wielding a +0 giant club
              (24 damage)
             ... on level 5 of the Dungeon.
             The game lasted 00:12:30 (2953 turns).

mg7810 the Skirmisher (Draconian Fighter)           Turns: 2953, Time: 00:12:30

Health: 0/52       AC:  8    Str: 20    XL:     6   Next: 15%
Magic:  7/7        EV: 10    Int:  9    God:    Lugonu [***...]
Gold:   127        SH:  9    Dex: 10    Spells: 5/5 levels left

rFire    . . .     SeeInvis .   a - +1 war axe
rCold    . . .     Faith    .   b - +0 kite shield
rNeg     . . .     Spirit   .   (armour unavailable)
rPois    .         Reflect  .   (helmet restricted)
rElec    .         Harm     .   g - +1 cloak
rCorr    .         Rampage  .   (no gloves)
MR       .....                  (no boots)
Stlth    ++........             (no amulet)
HPRegen  0.17/turn              (no ring)
MPRegen  0.10/turn              (no ring)

@: no status effects
A: unfitting armour, cold-blooded, AC +6
a: Depart the Abyss, Bend Space, Banish, Renounce Religion


You were on level 5 of the Dungeon.
You worshipped Lugonu.
Lugonu was most pleased with you.
You visited 1 branch of the dungeon, and saw 4 of its levels.

You collected 127 gold pieces.

Inventory:

Hand Weapons
 a - a +1 war axe (weapon)
Missiles
 j - 11 poisoned darts (quivered)
Armour
 b - a +0 kite shield (worn)
 g - a +1 cloak (worn)
Jewellery
 h - an uncursed ring of positive energy {unknown}
 i - a cursed amulet of inaccuracy {unknown}
Wands
 c - a wand of digging (1)
Scrolls
 l - a scroll of enchant weapon
Potions
 d - 3 potions of lignification
 e - a potion of degeneration {unknown}
 f - a potion of heal wounds
 k - a potion of attraction {unknown}


   Skills:
 + Level 3.9 Fighting
 + Level 3.5 Axes
 * Level 1.2 Throwing
 + Level 3.5 Dodging
 * Level 1.9 Stealth
 + Level 3.5 Shields
 * Level 1.8 Unarmed Combat
 * Level 1.5 Invocations


You had 5 spell levels left.
You didn't know any spells.
Your spell library contained the following spells:

 Spells                   Type           Power        Failure   Level
 Animate Skeleton         Necr           #.....       87%         1
 Apportation              Tloc           #.....       87%         1
 Corona                   Hex            #......      87%         1
 Summon Small Mammal      Summ           #...         87%         1


Dungeon Overview and Level Annotations

Branches:
Dungeon (3/15)

Altars:
Dithmenos
Ru
Sif Muna
Vehumet
Lugonu


Innate Abilities, Weirdness & Mutations

Your plain brown scales are hard. (AC +6)
You cannot fit into any form of body armour.
You are cold-blooded and may be slowed by cold attacks.


Message History

Aim: an ogre, wielding a +0 giant club (lightly wounded, poisoned)
You throw a poisoned dart.
The poisoned dart barely misses the ogre.
Throw: 12 darts (poison)
Press: ? - help, Q - select action, (/) - cycle Shift-Dir - straight line, f/p - ogre
Aim: an ogre, wielding a +0 giant club (lightly wounded, poisoned)
You throw a poisoned dart. The poisoned dart hits the ogre.
The ogre looks even sicker.
The ogre is lightly wounded.
You hit the ogre. You tail-slap the ogre.
The ogre is heavily wounded.
The ogre hits you with a +0 giant club.
Your shield prevents you from hitting the ogre.
The ogre is heavily wounded.
The ogre hits you with a +0 giant club!!
Ouch! That really hurt!
You hit the ogre.
Your tail-slap misses the ogre.
The ogre is severely wounded.
The ogre hits you with a +0 giant club!!
You die...

#(# # #.# # .##
##.## #. ..#....
#..##.##.#
###..#...#(#
..........O#
#......@# ####.####
#.# #.# . ##'##
.#### ##...## ....#
##.....## ....##
##.......#
#....####.........#


You could see an ogre (poisoned).

Vanquished Creatures
  A scorpion (D:5)
  3 orc wizards (D:3)
  A howler monkey zombie (D:5)
  Robin (D:3)
  3 adders
  An ufetubus (D:2)
  3 worms
  A dart slug (D:5)
  4 leopard geckos
  10 orcs (D:3)
  10 bats
  2 giant cockroaches (D:1)
  16 goblins
  12 hobgoblins
  6 jackals (D:3)
  A quokka (D:2)
  3 frilled lizards
  9 kobolds
  5 rats
92 creatures vanquished.

Vanquished Creatures (others)
  5 plants (D:2)
5 creatures vanquished.

Grand Total: 97 creatures vanquished

Notes
Turn   | Place    | Note
-------+----------+-------------------------------------------
     0 | D:1      | mg7810 the Draconian Fighter began the quest for the Orb.
     0 | D:1      | Reached XP level 1. HP: 19/19 MP: 1/1
   303 | D:1      | Reached XP level 2. HP: 26/26 MP: 2/2
   653 | D:2      | Reached skill level 1 in Stealth
   738 | D:2      | Reached XP level 3. HP: 21/31 MP: 3/3
  1018 | D:2      | Found a faded altar of an unknown god.
  1023 | D:2      | Became a worshipper of Lugonu the Unformed
  1023 | D:2      | Reached * piety under Lugonu
  1023 | D:2      | Reached ** piety under Lugonu
  1206 | D:2      | Reached skill level 1 in Unarmed Combat
  1304 | D:2      | Reached XP level 4. HP: 40/40 MP: 4/4
  1450 | D:2      | Upgraded the game from 0.26-a0-931-g326f72de0d to
                  | 0.26-a0-935-g3624241d3c
  1722 | D:3      | Found a sacrificial altar of Ru.
  1818 | D:3      | Found a radiant altar of Vehumet.
  1818 | D:3      | Found a shadowy altar of Dithmenos.
  1818 | D:3      | Found a shimmering blue altar of Sif Muna.
  1824 | D:3      | Noticed Robin
  1834 | D:3      | Reached skill level 1 in Invocations
  1834 | D:3      | Killed Robin
  1842 | D:3      | Reached *** piety under Lugonu
  1949 | D:3      | Reached XP level 5. HP: 8/46 MP: 5/5
  2194 | D:3      | Reached skill level 1 in Throwing
  2784 | D:3      | You fall into a shaft and drop 2 floors!
  2784 | D:5      | Entered Level 5 of the Dungeon
  2842 | D:5      | Reached XP level 6. HP: 43/52 MP: 7/7
  2953 | D:5      | Slain by an ogre

Illustrated notes

Levels and vault maps discovered:
D:1:      psy_arrival_radial01, layout_basic
D:2:      minmay_chambers_of_twos, layout_basic,
          chequers_ecumenical_altar_grove, serial_forest,
          infiniplex_forest_clump_medium, infiniplex_forest_clump_double,
          infiniplex_forest_lined_room_3, infiniplex_forest_clump_small,
          infiniplex_forest_end_2, infiniplex_forest_zigzag_1,
          infiniplex_forest_end_3, infiniplex_forest_lined_room_2,
          minmay_heptomino_h4
D:3:      layout_basic, gammafunk_temple_overflow_claw, gup_sewer_entry_spiral,
          nicolae_ru_path_of_blood, uniq_jessica, uniq_robin
D:5:      layout_loops_corners

Skill      XL: |  1  2  3  4  5 |
---------------+----------------+-----
Dodging        | 3 |  3.5
Stealth        | 1 |  1.9
Unarmed Combat | 1 |  1.8
Invocations    | 1 |  1.5
Axes           | 3 |  3.5
Throwing       | 1 |  1.2
Fighting       | |  3.9
Shields        | |  3.5

Action                   |  1- 3 |  4- 6 || total
-------------------------+-------+-------++-------
Melee: War axe           |    83 |   125 ||   208
       Tailslap          |    13 |    15 ||    28
Throw: Dart              |       |    13 ||    13
Invok: Bend Space        |       |     2 ||     2
Evoke: Wand              |       |     7 ||     7
  Use: Scroll            |     1 |     1 ||     2
       Potion            |       |     5 ||     5
 Stab: Sleeping          |       |     1 ||     1
Armor: Skin              |    30 |    74 ||   104
Dodge: Dodged            |    45 |    65 ||   110
Block: Kite shield       |    63 |    72 ||   135

Table legend: (Time is in decaauts)
 A = Elapsed time spent in this place.
 B = Non-inter-level travel time spent in this place.
 C = Inter-level travel time spent in this place.
 D = Time resting spent in this place.
 E = Time spent auto-exploring this place.
 F = Levels seen in this place.
 G = Mean time per level.
                   A        B        C        D        E       F      G
               +--------+--------+--------+--------+--------+-----+--------+
         Total |   3045 |   3004 |     41 |      0 |   2003 |   4 |  761.2 |
       Dungeon |   3045 |   3004 |     41 |      0 |   2003 |   4 |  761.2 |
               +--------+--------+--------+--------+--------+-----+--------+

Top non-repeatable levels by time:
     D:2: 1113 daAuts
     D:3: 1111 daAuts
     D:1: 647 daAuts
     D:5: 173 daAuts
